 Dungeon Crawl Stone Soup version 0.21-a0-215-g0631661 (webtiles) character file.

177 tehllama the Insei (level 5, -10/33 HPs)
             Began as an Octopode Transmuter on Aug 22, 2017.
             Was an Initiate of Gozag.
             Killed by nerve-wracking pain
             ... invoked by an orc priest
              (13 damage)
             ... on level 4 of the Dungeon.
             The game lasted 00:07:02 (3263 turns).

tehllama the Insei (Octopode Transmuter)            Turns: 3263, Time: 00:07:04

Health: -10/33     AC:  1    Str: 10    XL:     5   Next: 57%
Magic:  14/17      EV: 13    Int: 16    God:    Gozag
Gold:   198        SH:  0    Dex: 12    Spells: 2/8 levels left

rFire    . . .     SeeInvis .     - Unarmed
rCold    . . .     Gourm    .   (no shield)
rNeg     . . .     Faith    .   (helmet restricted)
rPois    .         Spirit   .   (no amulet)
rElec    .         Reflect  .   e - ring of magical power
rCorr    .         Harm     .   (no ring)
MR       .....                  (no ring)
Stlth    ++++......             (no ring)
HPRegen  0.11/turn              (no ring)
MPRegen  0.15/turn              (no ring)
                                (no ring)
                                (no ring)

@: gold aura
A: almost no armour, stealthy swim, amphibious, 8 rings, constrict 8, camouflage
1, gelatinous body 1
a: Potion Petition, Call Merchant, Bribe Branch, Renounce Religion


You were on level 4 of the Dungeon.
You worshipped Gozag.
Gozag was aware of your devotion.
You were hungry.

You visited 1 branch of the dungeon, and saw 4 of its levels.

You collected 255 gold pieces.
You paid 57 gold pieces to Gozag.

Inventory:

Missiles
 a - 37 arrows
Jewellery
 e - a ring of magical power (left tentacle)
Wands
 s - a wand of digging (15/24)
Scrolls
 f - 3 scrolls of remove curse {unknown}
 h - 2 scrolls of recharging {unknown}
 j - a scroll of fog {unknown}
 n - 2 scrolls of random uselessness {unknown}
 o - a scroll of enchant weapon {unknown}
 p - a scroll of enchant armour {unknown}
 r - 2 scrolls of teleportation {unknown}
Potions
 d - a potion of cancellation
 g - a potion of curing
 k - a potion of haste
 l - 2 potions of brilliance {unknown}
 m - a potion of flight
 q - a potion of resistance {unknown}
Books
 b - a book of Changes

   Spells                             Type                      Level
   a - Beastly Appendage              Transmutation                1
   b - Sticks to Snakes               Transmutation                2
   c - Spider Form                    Transmutation/Poison         3
   d - Ice Form                       Ice/Transmutation            4
   e - Blade Hands                    Transmutation                5
Comestibles
 c - 6 bread rations
 i - 7 fruits


   Skills:
 - Level 1.0 Fighting
 - Level 2.0 Dodging
 + Level 4.4 Stealth
 + Level 5.1 Unarmed Combat
 - Level 2.0 Spellcasting
 - Level 2.0 Transmutations


You had 2 spell levels left.
You knew the following spells:

 Your Spells              Type           Power        Failure   Level  Hunger
a - Beastly Appendage     Tmut           #.....       9%          1    #......
b - Sticks to Snakes      Tmut           #.......     14%         2    ###....
c - Spider Form           Tmut/Pois      #.........   38%         3    ###....


Dungeon Overview and Level Annotations

Branches:
Dungeon (4/15)
 Temple: D:4-7

Altars:
Gozag
Sif Muna
Zin

Annotations:
D:3 terra52's ghost, amateur HOFi


Innate Abilities, Weirdness & Mutations

You cannot wear most types of armour.
You are very stealthy in the water. (Stealth+)
You are amphibious.
You can wear up to eight rings at the same time.
You can use your tentacles to constrict eight enemies at once.
Your skin changes colour to match your surroundings (Stealth+).
Your rubbery body absorbs attacks. (AC +1, EV +1)


Message History

Beogh smites you! The orc completely misses you.
The orc priest hits you with a hand axe.
Things that are here:
20 gold pieces; a ring mail; a mace You hit the orc priest but do no damage.
The orc priest is poisoned.
The orc is distracted by the nearby gold.
The orc priest mumbles some strange prayers to Beogh against you.
Beogh smites you!
* * * LOW HITPOINT WARNING * * *
The orc shouts!
It was a potion of cancellation.
Your magical effects are unravelling.
You feel magically purged.
Your transformation has ended.
The orc priest calls down the wrath of Beogh upon you.
Pain shoots through your body!
You die...
Your body crumbles into a pile of gold.

###...o.....#
#...........#
#.........#. #...<.......
#....!......
#.............
###o........#.
#o........# #@####......
####.# #####+## #....#
#...## #.#### ##.....#.
#.##.## ##........
######.#...####(<......[
...............'.........
.#####.#....####.........
#...#.## ##.......#


You could see an orc priest and an orc.

Vanquished Creatures
  3 gnolls (D:3)
  3 adders
  An ooze (D:3)
  4 worms
  5 dart slugs
  3 leopard geckos
  5 orcs
  A ball python (D:3)
  9 bats
  4 giant cockroaches
  10 hobgoblins
  3 jackals (D:1)
  5 frilled lizards
  15 goblins
  8 kobolds
  5 rats
84 creatures vanquished.

Notes
Turn   | Place    | Note
-------+----------+-------------------------------------------
     0 | D:1      | tehllama the Octopode Transmuter began the quest for the Orb.
     0 | D:1      | Reached XP level 1. HP: 13/13 MP: 3/3
    82 | D:1      | Reached XP level 2. HP: 16/18 MP: 5/5
   275 | D:1      | Reached skill level 4 in Unarmed Combat
   650 | D:1      | Reached XP level 3. HP: 23/23 MP: 6/6
   931 | D:2      | Found a deep blue altar of Sif Muna.
   943 | D:2      | Reached skill level 1 in Stealth
  1557 | D:2      | Reached XP level 4. HP: 28/28 MP: 7/7
  1930 | D:2      | Found a glowing silver altar of Zin.
  2000 | D:3      | Noticed terra52's ghost (amateur HOFi)
  2007 | D:2      | Learned a level 2 spell: Sticks to Snakes
  2011 | D:2      | Learned a level 3 spell: Spider Form
  2152 | D:3      | Reached XP level 5. HP: 13/33 MP: 5/8
  2775 | D:3      | Reached skill level 5 in Unarmed Combat
  2797 | D:3      | Found an opulent altar of Gozag.
  2813 | D:3      | Became a worshipper of Gozag Ym Sagoz the Greedy
  3263 | D:4      | Killed from afar by an orc priest

Vault maps used:
D:1:      dpeg_arrival_windows_large_door
D:2:      zin_academy, lemuel_crystal_altar, kennysheep_generic_room_9
D:3:      grunt_gozag_breadcrumbs
D:4:      lemuel_crystal_altar, vehumet_statue

Skill      XL: |  1  2  3  4  5 |
---------------+----------------+-----
Unarmed Combat | 4 5 |  5.1
Stealth        | 2 3 4 |  4.4
Fighting       | |  1.0
Dodging        | |  2.0
Spellcasting   | |  2.0
Transmutations | |  2.0

Action                   |  1- 3 |  4- 6 || total
-------------------------+-------+-------++-------
Melee: Unarmed           |    88 |   104 ||   192
       Constrict         |    24 |    28 ||    52
       Tentacles         |    15 |    14 ||    29
       Punch             |     1 |     3 ||     4
       Kick              |       |     7 ||     7
 Cast: Spider Form       |       |     2 ||     2
       Beastly Appendage |       |     4 ||     4
  Use: Scroll            |       |     3 ||     3
       Potion            |       |     1 ||     1
 Stab: Sleeping          |     9 |     7 ||    16
  Eat: Chunk             |     2 |     5 ||     7
Armor: Skin              |     4 |     7 ||    11
Dodge: Dodged            |    43 |    56 ||    99

Table legend:
 A = Spawn XP
 B = Non-spawn XP
 C = Spawn XP percentage of total XP
 D = Spawn monster count
 E = Non-spawn monster count
 F = Spawn count percentage of total count
 G = Total turns spent on level
                    A         B        C        D         E        F      G
               +---------+---------+-------+---------+---------+-------+---------
         Total |      33 |     221 |  13.0 |      10 |      74 |  11.9 |  3263
               +---------+---------+-------+---------+---------+-------+---------
           D:1 |       0 |      38 |   0.0 |       0 |      22 |   0.0 |   910
           D:2 |      14 |      59 |  19.2 |       4 |      25 |  13.8 |  1153
           D:3 |      19 |     115 |  14.2 |       6 |      24 |  20.0 |  1167
           D:4 |       0 |       9 |   0.0 |       0 |       3 |   0.0 |    33
               +---------+---------+-------+---------+---------+-------+---------
